 Dungeon Crawl Stone Soup version 0.27.1-3-gb3d3a73c9e (webtiles) character file.

Game seed: 9321508061424330550

33 Descartes the Ducker (level 3, 0/22 HPs)
             Began as a Felid Transmuter on Oct 6, 2021.
             Succumbed to an adder's poison
             ... on level 2 of the Dungeon.
             The game lasted 00:01:55 (1419 turns).

Descartes the Ducker (Felid Transmuter)             Turns: 1419, Time: 00:01:56

Health: 0/22       AC: 21    Str:  7    XL:     3   Next: 12%
Magic:  7/7        EV:  4    Int: 14    God:
Gold:   40         SH:  0    Dex: 16    Spells: 5/6 levels left
                                        Lives:  0   Deaths: 0

rFire    . . .     SeeInvis +     - Unarmed
rCold    . . .     Faith    .   (shield unavailable)
rNeg     + + +     Spirit   .   (armour unavailable)
rPois    +         Reflect  .   (helmet unavailable)
rElec    .         Harm     .   (cloak unavailable)
rCorr    .         Rampage  .   (gloves unavailable)
Will     .....     NoTele   +   (boots unavailable)
Stlth    ++........             (no amulet)
HPRegen  0.07/turn              (no ring)
MPRegen  0.10/turn              (no ring)

@: lethally poisoned (0 -> -3), tree-form
A: stationary, stasis, torment immunity, boosted hp, very small, (claws 1),
(fangs 3), see invisible, (speed 1), (shaggy fur 1), (stealthy paws), no weapons
or thrown items, no armour, multi-lived
a: no special abilities


You were on level 2 of the Dungeon.
You were a tree.
You visited 1 branch of the dungeon, and saw 2 of its levels.

You collected 40 gold pieces.

Inventory:

Missiles
 c - 26 stones
Scrolls
 a - a scroll of noise {unknown}
 b - a scroll of amnesia {unknown}
 e - 2 scrolls of fear {unknown}
Potions
 d - a potion of lignification
 f - a potion of flight {unknown}
 g - a potion of degeneration {unknown}
 h - 2 potions of curing {unknown}


   Skills:
 - Level 1.0 Fighting
 + Level 3.9 Dodging
 + Level 2.8 Stealth
 - Level 3.0 Unarmed Combat
 - Level 2.0 Spellcasting
 - Level 2.1 Transmutations


You had 5 spell levels left.
You knew the following spells:

 Your Spells              Type           Power      Damage    Failure   Level
a - Beastly Appendage     Tmut           14%        N/A       10%         1

Your spell library contained the following spells:

 Spells                   Type           Power      Damage    Failure   Level
 Wereblood                Tmut           7%         N/A       14%         2
 Spider Form              Tmut/Pois      2%         N/A       41%         3
 Ice Form                 Ice/Tmut       4%         N/A       83%         4


Dungeon Overview and Level Annotations

Branches:
Dungeon (2/15)

Altars:


Innate Abilities, Weirdness & Mutations

You are a tree.
Your roots penetrate the ground, keeping you stationary.
You cannot be teleported.
You are immune to unholy pain and torment.
Your maximum health is greatly increased.
((You have sharp claws.))
((You have razor-sharp teeth.))
You have supernaturally acute eyesight. (SInv)
((You cover ground quickly. (Speed+)))
((You are covered in fur. (AC +1)))
((Your paws help you pounce on unaware monsters.))
You are incapable of wielding weapons or throwing items.
You cannot wear armour.
You gain extra lives every three experience levels.


Message History

You kill the goblin!
The bat barely misses you. The adder barely misses you.
The rat closely misses you.
You closely miss the adder. The bat hits you but does no damage.
The adder bites you.
You are poisoned.
The adder poisons you! The rat misses you.
You completely miss the adder.
You feel sick. The adder misses you. The bat closely misses you.
The rat barely misses you.
You are too injured to fight recklessly!
You are too injured to fight recklessly!
You are too injured to fight recklessly!
You are too injured to fight recklessly!
You are too injured to fight recklessly!
You are too injured to fight recklessly!
You are too injured to fight recklessly!
You are too injured to fight recklessly!
You are too injured to fight recklessly!
You feel sick. The bat hits you but does no damage. The rat closely misses you.
You scratch the rat but do no damage.
You feel sick. The bat closely misses you. The rat misses you.
The adder misses you.
You scratch the rat.
You kill the rat!
You feel sick.
You are no longer poisoned.
The bat completely misses you. The adder misses you.
You scratch the bat.
The bat is severely wounded.
The bat misses you. The adder barely misses you. The bat barely misses you.
The bat hits you but does no damage. The bat barely misses you.
The adder bites you.
* * * LOW HITPOINT WARNING * * *
You are lethally poisoned!
The adder poisons you!
* * * LOW HITPOINT WARNING * * *
You feel sick. The bat hits you but does no damage.
It was a potion of lignification.
You turn into a tree.
Your roots penetrate the ground.
You die...

#.#.# #.#.# .
#.#.###.#.# #.
#.....#.#.#
#..#.#.....#.#
#..#..†......##+##
.#......#.##......#
......)...##......#####+
.......S.......>..#.....
.......♣..##.[....#.....
......#b####............
......#.#.......#.......
......#.#.......+.....#.
..#...#.#.......#.<.#.##
. .. ..#.......#...#.#
.###.......#...#.#
..........#†###.#
#......###.# #.#


You could see an adder and a bat.

Vanquished Creatures
  A dart slug (D:1)
  3 ball pythons
  4 bats
  4 endoplasms
  3 hobgoblins (D:1)
  2 quokkas (D:1)
  2 frilled lizards (D:1)
  3 goblins
  5 kobolds (D:1)
  3 rats
30 creatures vanquished.

Notes
Turn   | Place    | Note
-------+----------+-------------------------------------------
     0 | D:1      | Descartes the Felid Transmuter began the quest for the Orb.
     0 | D:1      | Reached XP level 1. HP: 9/9 MP: 4/4
   176 | D:1      | Reached skill level 1 in Stealth
   259 | D:1      | Reached XP level 2. HP: 9/12 MP: 6/6
  1025 | D:1      | Found a faded altar of an unknown god.
  1363 | D:2      | Reached XP level 3. HP: 14/15 MP: 7/7
  1419 | D:2      | Succumbed to an adder's poison

Illustrated notes

Levels and vault maps discovered:
D:1:      dpeg_arrival_round_c, layout_basic,
          ebering_ecumenical_altar_sacrificial
D:2:      layout_basic

Skill      XL: |  1  2 |
---------------+-------+-----
Dodging        | 3 |  3.9
Stealth        | 1 2 |  2.8
Fighting       | |  1.0
Unarmed Combat | |  3.0
Spellcasting   | |  2.0
Transmutations | |  2.1

Action                   || total
-------------------------++-------
Melee: Unarmed           ||    60
       Bite              ||     7
       Punch             ||     1
  Use: Potion            ||     1
 Stab: Sleeping          ||     4
       Distracted        ||     1
Armor: Skin              ||     7
Dodge: Dodged            ||    62
